 Dungeon Crawl Stone Soup version 0.27-a0-604-g29a88b33a7 (webtiles) character file.

Game seed: 17431063485011592203

1020 srzhan31 the Conjurer (level 8, -26/42 HPs)
             Began as a Gargoyle Conjurer on Mar 13, 2021.
             Was a Follower of Vehumet.
             Killed from afar by Dowan (29 damage)
             ... with a shard of ice
             ... on level 5 of the Dungeon.
             The game lasted 00:12:19 (5994 turns).

srzhan31 the Conjurer (Gargoyle Conjurer)           Turns: 5994, Time: 00:12:21

Health: -26/42     AC: 11    Str: 12    XL:     8   Next: 22%
Magic:  1/15       EV: 12    Int: 20    God:    Vehumet [*.....]
Gold:   142        SH:  0    Dex:  8    Spells: 14/17 levels left

rFire    . . .     SeeInvis +   s - +2 whip (venom)
rCold    . . .     Faith    .   (no shield)
rNeg     + . .     Spirit   .   z - +1 robe {Will+}
rPois    ∞         Reflect  .   f - +0 helmet
rElec    +         Harm     .   w - +0 cloak {rCorr}
rCorr    +         Rampage  .   (no gloves)
Will     ++...                  (no boots)
Stlth    ++........             (no amulet)
HPRegen  0.14/turn              b - ring of willpower
MPRegen  0.14/turn              l - ring of see invisible

@: no status effects
A: negative energy resistance 1, electricity resistance, torment resistance 1,
unbreathing 1, petrification resistance, AC +5
a: Renounce Religion


You were on level 5 of the Dungeon.
You worshipped Vehumet.
Vehumet was aware of your devotion.
You visited 2 branches of the dungeon, and saw 6 of its levels.

You collected 314 gold pieces.
You spent 172 gold pieces at shops.

Inventory:

Hand Weapons
 s - a +2 whip of venom (weapon)
 y - a +1 scythe of flaming
Armour
 e - a +2 tower shield
 f - a +0 helmet (worn)
 w - a +0 cloak of preservation (worn)
 z - a +1 robe of willpower (worn)
Magical Staves
 r - a staff of death
Jewellery
 b - a ring of willpower (right hand)
 l - a ring of see invisible (left hand)
Wands
 n - a wand of polymorph (9)
 x - a wand of acid (7)
Scrolls
 c - 3 scrolls of teleportation {unknown}
 g - a scroll of magic mapping {unknown}
 i - 3 scrolls of identify {unknown}
 j - 2 scrolls of enchant weapon {unknown}
 k - a scroll of immolation {unknown}
 m - 4 scrolls of amnesia {unknown}
 o - 3 scrolls of fear {unknown}
 q - a scroll of noise {unknown}
 v - a scroll of enchant armour {unknown}
Potions
 d - a potion of curing {unknown}
 h - 3 potions of might {unknown}
 p - 2 potions of attraction {unknown}
 t - a potion of flight {unknown}
 u - a potion of invisibility {unknown}


   Skills:
 + Level 0.6 Fighting
 * Level 2.6 Armour
 * Level 2.7 Dodging
 - Level 2.3 Stealth
 * Level 3.1 Shields
 * Level 5.0 Spellcasting
 + Level 7.0 Conjurations
 * Level 2.2 Translocations


You had 14 spell levels left.
You knew the following spells:

 Your Spells              Type           Power      Damage    Failure   Level
a - Magic Dart            Conj           100%       1d8       1%          1
b - Searing Ray           Conj           66%        3d5       1%          2

Your spell library contained the following spells:

 Spells                   Type           Power      Damage    Failure   Level
 Sandblast                Erth           10%        2d5       12%         1
 Dazzling Flash           Conj/Hex       38%        N/A       9%          3
 Iskenderun's Mystic Bla  Conj/Tloc      23%        2d6       17%         4
 Fulminant Prism          Conj/Hex       9%         3d7       26%         4


Dungeon Overview and Level Annotations

Branches:
Dungeon (5/15)             Temple (1/1) D:4

Altars:
Ashenzari
Elyvilon
Fedhas
Gozag
Kikubaaqudgha
Makhleb
Nemelex Xobeh
Okawaru
Ru
Sif Muna
Trog
Uskayaw
Vehumet
Wu Jian
Yredelemnul
Zin

Shops:
D:5 [

Annotations:
D:5 Dowan


Innate Abilities, Weirdness & Mutations

Your stone body is resilient. (AC +5)
You are immune to poison.
You resist negative energy. (rN+)
You are resistant to electric shocks. (rElec)
You are resistant to unholy torment.
You can survive without breathing.
You are immune to petrification.


Message History

Duvessa hits you but does no damage. Dowan hits you but does no damage.
The searing ray hits Duvessa.
Duvessa is severely wounded.
Duvessa closely misses you. Dowan hits you but does no damage.
The searing ray misses Duvessa.
Duvessa hits you but does no damage. Dowan hits you but does no damage.
The searing ray hits Duvessa.
Duvessa is almost dead.
You finish channeling your searing ray.
Duvessa hits you but does no damage. Dowan hits you with a +0 dagger.
Casting: Searing Ray (safe; 1% risk of failure)
Confirm with . or Enter, or press ? or * to list all spells.
Aiming: Searing Ray (safe; 1% risk of failure)
Press: ? - help, Shift-Dir - straight line, f/p - Duvessa
Aim: Duvessa, wielding a +0 rapier and wearing a +0 chain mail (almost dead, 12% to evade)
The searing ray hits Duvessa!
You kill Duvessa!
Vehumet accepts your kill.
Dowan's eyes darken. "You have made a black mistake."
Dowan seems to find hidden reserves of power! (Press . to maintain the ray.) Dowan hits you but does no damage.
Dowan closely misses you.
Your Spellcasting skill increases to level 5!
Casting: Searing Ray (safe; 1% risk of failure)
Confirm with . or Enter, or press ? or * to list all spells.
You don't have enough magic to cast this spell.
Unknown command.
You whack Dowan!
Dowan is poisoned.
Dowan is almost dead.
Dowan points at you and mumbles some strange words.
The shard of ice hits you!!
Ouch! That really hurt!
* * * LOW HITPOINT WARNING * * *
You miss Dowan.
Dowan is almost dead.
Dowan shakes with grief.
Dowan casts a spell at you. The shard of ice hits you!!
Ouch! That really hurt!
You die...

##...# #...#
##..# #..##
#...# #...#
#...# #..##
#@.# #####)e#
?>.###...?†.#
............#
............#
............#
............#
............#
............#


You could see Dowan (fast, very poisoned).

Vanquished Creatures
  Sigmund (D:5)
  Duvessa (D:5)
  An ogre (D:4)
  A scorpion (D:4)
  2 jellies
  2 hounds (D:4)
  Jessica (D:2)
  An orc wizard (D:4)
  Ijyb (D:5)
  An iguana (D:4)
  6 worker ants
  A worker ant zombie (D:5)
  7 adders
  4 gnolls (D:5)
  A white imp (D:5)
  An ufetubus (D:4)
  2 adder skeletons
  2 worms
  A dart slug (D:1)
  7 leopard geckos
  8 orcs
  4 giant cockroaches
  10 goblins
  4 hobgoblins
  6 jackals
  5 quokkas
  A ball python (D:5)
  12 bats
  9 frilled lizards
  11 kobolds
  A quokka skeleton (D:4)
  5 rats
120 creatures vanquished.

Notes
Turn   | Place    | Note
-------+----------+-------------------------------------------
     0 | D:1      | srzhan31 the Gargoyle Conjurer began the quest for the Orb.
     0 | D:1      | Reached XP level 1. HP: 10/10 MP: 3/3
   137 | D:1      | Reached XP level 2. HP: 15/15 MP: 0/5
   140 | D:1      | Learned a level 2 spell: Searing Ray
   396 | D:1      | Reached skill level 5 in Conjurations
   755 | D:1      | Reached XP level 3. HP: 19/19 MP: 3/6
  1521 | D:2      | Reached XP level 4. HP: 24/24 MP: 2/7
  1774 | D:2      | Reached skill level 1 in Shields
  2233 | D:2      | Noticed Jessica
  2237 | D:2      | Killed Jessica
  2238 | D:2      | Reached XP level 5. HP: 28/28 MP: 1/8
  2330 | D:2      | Found a sacrificial altar of Ru.
  2579 | D:3      | Reached skill level 6 in Conjurations
  2661 | D:3      | Reached skill level 1 in Armour
  2893 | D:3      | Found a faded altar of an unknown god.
  3524 | D:3      | Found a blossoming altar of Fedhas.
  3821 | D:4      | Reached XP level 6. HP: 28/32 MP: 4/11
  4052 | D:4      | Reached skill level 1 in Translocations
  4110 | D:4      | Found a staircase to the Ecumenical Temple.
  4120 | Temple   | Entered the Ecumenical Temple
  4167 | Temple   | Became a worshipper of Vehumet
  4654 | D:4      | Reached XP level 7. HP: 36/36 MP: 4/12
  5117 | D:5      | Entered Level 5 of the Dungeon
  5327 | D:5      | Reached * piety under Vehumet
  5327 | D:5      | Offered knowledge of Sandblast by Vehumet.
  5569 | D:5      | Found Ikhy's Antique Armour Shop.
  5580 | D:5      | Bought a runed cloak for 172 gold pieces
  5586 | D:5      | Noticed Ijyb
  5591 | D:5      | Killed Ijyb
  5745 | D:5      | Noticed Sigmund
  5755 | D:5      | Killed Sigmund
  5756 | D:5      | Reached skill level 7 in Conjurations
  5756 | D:5      | Reached XP level 8. HP: 37/42 MP: 5/15
  5970 | D:5      | Noticed Duvessa
  5973 | D:5      | Noticed Dowan
  5992 | D:5      | Killed Duvessa
  5993 | D:5      | Reached skill level 5 in Spellcasting
  5993 | D:5      | HP: 2/42 [Dowan/shard of ice (26)]
  5994 | D:5      | Killed from afar by Dowan

Illustrated notes

Levels and vault maps discovered:
D:1:      erik_arrival_blinker_ship, layout_loops_corners, minmay_3d_cube
D:2:      layout_basic, lemuel_doored_altar, uniq_jessica
D:3:      layout_loops_ring, marbit_many_paths,
          chequers_ecumenical_altar_simple, palyth_stone_intersect,
          nicolae_underground_beach
D:4:      layout_loops_ring, minmay_temple_entry_poolview
D:5:      layout_cave_pods, serial_shops, nicolae_shop_trees, uniq_sigmund,
          uniq_ijyb, uniq_duvessa
Temple:   eino_temple_lava

Skill      XL: |  1  2  3  4  5  6  7  8 |
---------------+-------------------------+-----
Conjurations   | 5 6 7 |  7.0
Shields        | 1 2 3 |  3.1
Armour         | 1 2 |  2.6
Spellcasting   | 3 4 5 |  5.0
Translocations | 1 2 |  2.2
Dodging        | 2 |  2.7
Fighting       | |  0.6
Stealth        | |  2.3

Action                   |  1- 3 |  4- 6 |  7- 9 || total
-------------------------+-------+-------+-------++-------
Melee: Unarmed           |       |     2 |       ||     2
       Whip              |       |       |     3 ||     3
 Cast: Magic Dart        |    11 |    11 |       ||    22
       Searing Ray       |    19 |    42 |    27 ||    88
Armor: Robe              |     1 |    15 |    12 ||    28
Dodge: Dodged            |     3 |    23 |    28 ||    54

Table legend: (Time is in decaauts)
 A = Elapsed time spent in this place.
 B = Non-inter-level travel time spent in this place.
 C = Inter-level travel time spent in this place.
 D = Time resting spent in this place.
 E = Time spent auto-exploring this place.
 F = Levels seen in this place.
 G = Mean time per level.
                   A        B        C        D        E       F      G
               +--------+--------+--------+--------+--------+-----+--------+
         Total |   5992 |   5929 |     63 |      0 |   5056 |   6 |  998.7 |
       Dungeon |   5931 |   5868 |     63 |      0 |   5056 |   5 | 1186.2 |
        Temple |     60 |     60 |      0 |      0 |      0 |   1 |   60.0 |
               +--------+--------+--------+--------+--------+-----+--------+

Top non-repeatable levels by time:
     D:1: 1516 daAuts
     D:4: 1399 daAuts
     D:3: 1080 daAuts
     D:2: 1058 daAuts
     D:5: 876 daAuts
  Temple: 60 daAuts
